 Dungeon Crawl Stone Soup version 0.28-a0-8-g6e044cfa68 (webtiles) character file.

Game seed: 697554140665267475

93877 Sobieck the Severer (level 15, -4/133 HPs)
             Began as a Palentonga Berserker on July 23, 2021.
             Was a High Priest of Trog.
             Slain by an orc warrior (14 damage)
             ... on level 1 of the Orcish Mines on July 24, 2021.
             The game lasted 00:48:22 (23586 turns).

Sobieck the Severer (Palentonga Berserker)         Turns: 23586, Time: 00:48:23

Health: -4/133     AC: 31    Str: 22    XL:     15   Next: 61%
Magic:  12/12      EV:  7    Int:  5    God:    Trog [*****.]
Gold:   2873       SH:  0    Dex: 11    Spells: 14/14 levels left

rFire   + . .      SeeInvis +   a - +1 executioner's axe (freeze) {axerare=g}
rCold   . . .      Faith    .   (shield currently unavailable)
rNeg    . . .      Spirit   .   m - +4 plate armour {Will+}
rPois   +          Reflect  .   M - +0 helmet "Goestril" {-Cast Regen+ rCorr Dex+4}
rElec   .          Harm     .   t - +2 cloak {rPois}
rCorr   +          Rampage  .   P - +2 pair of gloves
Will    +++++      Rnd*Rage +   (no barding) Stlth ..........NoCast +
                                E - amulet of regeneration {@e2}
HPRegen 3.32/turn               k - ring of willpower
MPRegen 0.13/turn               f - ring of protection from fire

@: lethally poisoned (-4 -> -4), strong-willed, on berserk cooldown,
regenerating, hasted, studying Armour, curled up, very quick
A: large, rugged brown scales 3, see invisible, deformed body, roll 1, armoured
tail, reflexive curl, [berserk 2], [clumsy 2], [dopey 1], [low mp 2], [weak 2],
[subdued magic 2]
a: Rolling Charge, Renounce Religion, Berserk, Trog's Hand, Brothers in Arms


You were on level 1 of the Orcish Mines.
You worshipped Trog.
Trog was extremely pleased with you.
You visited 3 branches of the dungeon, and saw 23 of its levels.
You visited the Abyss 1 time.
You also visited: Sewer.

You collected 3232 gold pieces.
You spent 359 gold pieces at shops.


Innate Abilities, Weirdness & Mutations

You are completely covered in rugged brown scales. (AC +3, +7% HP)
You have supernaturally acute eyesight. (SInv)
Armour fits poorly on your strangely shaped body.
You can roll at nearby foes to attack.
You have a long armoured tail.
You curl defensively after being hit.
[You often lose your temper in combat.]
[You are very clumsy. (Dex -4)]
[You are dopey. (Int -2)]
[Your magical capacity is very low. (-20% MP)]
[You are very weak. (Str -4)]
[Your spells are easier to cast, but less powerful.]


   Skills:
 + Level 13.7 Fighting
 + Level 16.6 Axes
 - Level 10.0 Armour
 - Level 7.0 Dodging
 - Level 1.1 Shields
 + Level 11.0 Evocations


You had 14 spell levels left.
You didn't know any spells.
Your spell library contained the following spells:

 Spells                   Type           Power      Damage    Failure   Level
 Freeze                   Ice            0%         1d3       99%         1
 Summon Small Mammal      Summ           0%         N/A       99%         1
 Ensorcelled Hibernation  Hex/Ice        0%         N/A       100%        2
 Passwall                 Tmut/Erth      0%         N/A       100%        2
 Slow                     Hex            0%         N/A       100%        2
 Call Canine Familiar     Summ           0%         N/A       100%        3
 Confusing Touch          Hex            0%         N/A       100%        3
 Frozen Ramparts          Ice            0%         1d2       100%        3
 Spider Form              Tmut/Pois      0%         N/A       100%        3
 Stone Arrow              Conj/Erth      0%         3d7       100%        3
 Summon Guardian Golem    Hex/Summ       0%         N/A       100%        3
 Swiftness                Air            0%         N/A       100%        3
 Vampiric Draining        Necr           0%         2d6       100%        3
 Animate Dead             Necr           0%         N/A       100%        4
 Hailstorm                Conj/Ice       0%         3d3       100%        4
 Passage of Golubria      Tloc           N/A        N/A       100%        4
 Summon Lightning Spire   Summ/Air       0%         N/A       100%        4
 Bolt of Magma            Conj/Fire/Erth 0%         4d4       100%        5
 Borgnjor's Vile Clutch   Necr/Erth      0%         N/A       100%        5
 Silence                  Hex/Air        0%         N/A       100%        5
 Yara's Violent Unravell  Hex/Tmut       0%         3d3       100%        5
 Death Channel            Necr           0%         N/A       100%        6
 Invisibility             Hex            0%         N/A       100%        6
 Shadow Creatures         Summ           N/A        N/A       100%        6
 Storm Form               Tmut/Air       0%         N/A       100%        7
 Lehudib's Crystal Spear  Conj/Erth      0%         10d2      100%        8
 Maxwell's Capacitive Co  Air            0%         ∞         100%        8
 Shatter                  Erth           0%         3d5*      100%        9

Inventory:

Hand Weapons
 a - a +1 executioner's axe of freezing (weapon) {axerare=g}
   (You acquired it on level 8 of the Dungeon)
 N - a +4 antimagic battleaxe {axe}
   (Trog gifted it to you on level 2 of the Lair of Beasts)
Missiles
 e - 3 silver boomerangs {throwing}
 q - 10 javelins {throwing}
 H - 19 boomerangs {throwing}
 Z - 10 boomerangs of dispersal {=f!fthrowing}
Armour
 m - a +4 plate armour of willpower (worn)
   (You took it off an orc warrior on level 13 of the Dungeon)
 t - a +2 cloak of poison resistance (worn)
   (You took it off Crazy Yiuf on level 2 of the Dungeon)
 z - a +1 pair of gloves
   (You found it on level 6 of the Lair of Beasts)
 M - the +0 helmet "Goestril" (worn) {-Cast Regen+ rCorr Dex+4}
   (You found it on level 5 of the Dungeon)

   Dex:       It affects your dexterity (+4).
   -Cast:     It prevents spellcasting.
   Regen:     It increases your rate of health regeneration.
   rCorr:     It protects you from acid and corrosion.
 P - a +2 pair of gloves (worn)
   (You bought it in a shop on level 12 of the Dungeon)
Jewellery
 c - a ring of positive energy
   (You found it on level 4 of the Lair of Beasts)
 f - a ring of protection from fire (right hand)
   (You found it on level 4 of the Dungeon)
 k - a ring of willpower (left hand)
   (You found it on level 10 of the Dungeon)
 w - a ring of resist corrosion
   (You found it on level 1 of the Lair of Beasts)
 E - an amulet of regeneration (around neck) {@e2}
   (You found it on level 10 of the Dungeon)
Wands
 h - a wand of polymorph (5)
   (You took it off Ijyb on level 4 of the Dungeon)
 r - a wand of charming (6)
   (You found it on level 3 of the Lair of Beasts)
 G - a wand of acid (13)
   (You found it on level 10 of the Dungeon)
 L - a wand of digging (6)
   (You found it on level 5 of the Dungeon)
 T - a wand of mindburst (10)
   (You found it on level 14 of the Dungeon)
 X - a wand of iceblast (65)
   (You found it on level 7 of the Dungeon)
 Y - a wand of flame (36)
   (You found it on level 13 of the Dungeon)
Scrolls
 b - 4 scrolls of magic mapping {!r}
 j - 3 scrolls of fear
 o - 4 scrolls of teleportation {@r4}
 x - 12 scrolls of identify {@r1}
 F - a scroll of holy word
 J - 2 scrolls of vulnerability {!r!r}
 K - 3 scrolls of silence {!r}
 R - 2 scrolls of fog
Potions
 d - 2 potions of might
 g - 7 potions of curing {@q1}
 l - 5 potions of haste {@q3}
 u - 3 potions of berserk rage {!q}
 v - 4 potions of lignification {!q}
 B - 3 potions of flight
 I - 2 potions of attraction {!q}
 O - 2 potions of resistance
 Q - 4 potions of cancellation
 S - 2 potions of magic
 V - a potion of mutation {!q}
 W - 2 potions of ambrosia
Miscellaneous
 n - a phial of floods
   (You found it on level 10 of the Dungeon)
 s - a condenser vane
   (You found it on level 13 of the Dungeon)
 y - a lightning rod (4/4)
   (You found it on level 5 of the Lair of Beasts)
 D - a box of beasts
   (You found it on level 14 of the Dungeon)

Dungeon Overview and Level Annotations

Branches:
Dungeon (15/15)            Temple (0/1) D:7            Lair (6/6) D:10
 Shoals (0/4) Lair:3        Snake (0/4) Lair:2        Slime (0/5) Lair:5
    Orc (2/2) D:11         Vaults (0/5) D:14         Depths (0/5) D:15
  Sewer (visited)
    Elf: Orc:2

Altars:
Ashenzari
Cheibriados
Dithmenos
Elyvilon
Fedhas
Gozag
Hepliaklqana
Ru
Trog
Uskayaw
Vehumet
Wu Jian
Yredelemnul
Beogh

Shops:
D:12 !*(   Orc:2 (

Portals:
Trove: D:11 (give +4 shadow dragon scales)

Annotations:
D:7 3 runed translucent doors, LadonLegend's ghost, novice HOFi
D:15 Roxanne

###........##..####
##.#...[[).###.....###
#......[.).##.#....#.##
##.........#..........#
##...#.....#...##....##
##.###.#....####.....#
### ####.....#.....##
##.#hoT#....##
###...#@o...###
##....##oh.#.#
#####....#########
##.##..#..#.#
#...<.###..##
##....###...#
##....#...## #....#...#
##......##


You could see an orc knight (strong), a troll, 2 wargs, an orc warrior (strong)
and an orc (strong).


Message History

The raiju dies!
Trog accepts your kill. 😮 HP[+5]
You regained 5 hp, and now have 69/121 hp.
Your deep troll bites the small abomination but does no damage.
Your deep troll claws the small abomination!
Your deep troll claws the small abomination.
There is a gateway leading out of the Abyss here. 😮 HP[+5]
You regained 5 hp, and now have 74/121 hp.
Your deep troll closely misses the small abomination.
Your deep troll claws the small abomination!
Your deep troll claws the small abomination but does no damage.
Your deep troll bites the small abomination.
Your deep troll claws the small abomination but does no damage.
Your deep troll claws the small abomination.
The small abomination is destroyed!
Trog accepts your kill.
You feel the corruption within you wane somewhat.
Your connection to magic feels less subdued.
You feel a little less angry.
Your urge to shout disappears.
You feel stable.
You feel clever.
You feel stable.
You feel robust. 😮 HP[+5]
You now have 133 max hp (+12).
You regained 5 hp, and now have 79/133 hp. 😮 HP[+5]
You regained 5 hp, and now have 84/133 hp. 😮 HP[+5]
You regained 5 hp, and now have 89/133 hp.
Your deep troll rages.
A tormentor comes into view.
There is a gateway leading out of the Abyss here. 😮 HP[+5]
You regained 5 hp, and now have 94/133 hp.
You feel yourself speed up.
Your deep troll closely misses the tormentor. x2
Your deep troll misses the tormentor.
You pass through the gate.
Welcome back to the Orcish Mines!
Your summoned ally is left behind.
The orc knight roars a battlecry!
The orcs go into a battle-frenzy!
The warg closely misses you.
The orc knight roars a battlecry!
The orc knight goes into a battle-frenzy!
The orc hits you but does no damage. The warg bites you but does no damage.
The orc warrior hits you from afar with a +0 halberd of venom!
The orc warrior hits you but does no damage.
Space bends around you. The warg bites you but does no damage.
The orc knight hits you with a +0 battleaxe.
The orc hits you with a +0 dagger.
The orc knight hits you from afar with a +1 glaive!
An orc knight comes into view. It is wielding a +1 war axe.
The warg pauses to sniff the ground.
The warg bites you!
The orc warrior hits you from afar with a +0 halberd of venom!
* * * LOW HITPOINT WARNING * * *
The orc warrior hits you but does no damage.
Space bends around you.
* * * LOW HITPOINT WARNING * * *
The orc knight hits you with a +0 battleaxe!!
* * * LOW HITPOINT WARNING * * *
The troll barely misses you.
The troll claws you but does no damage. x2
The warg bites you.
* * * LOW HITPOINT WARNING * * *
The orc knight hits you but does no damage.
The orc barely misses you.
There is a stone staircase leading up, spattered with blood here. 😱 HP[-66]
You take 66 damage, and now have 28/133 hp.
MASSIVE DAMAGE!! (PAUSE)
The orc knight shouts!
The warg bites you but does no damage.
The orc knight roars a battlecry!
The orc warrior hits you from afar with a +0 halberd of venom!
* * * LOW HITPOINT WARNING * * *
You are poisoned.
The warg bites you.
* * * LOW HITPOINT WARNING * * *
The orc warrior hits you with a +1 war axe of distortion.
* * * LOW HITPOINT WARNING * * *
Space bends around you!
* * * LOW HITPOINT WARNING * * *
The orc sorcerer's eyes start to glow.
The warg bites you but does no damage. The orc closely misses you.
The orc knight hits you from afar with a +1 glaive.
* * * LOW HITPOINT WARNING * * *
You hear a shout! x3
You climb upwards.
You feel very sick.
There is a stone staircase leading down here. 😱 HP[-20]
You take 20 damage, and now have 8/133 hp.
Unknown command.
Okay, then.
Okay, then.
Okay, then.
You feel yourself speed up.
You feel sick. The warg barely misses you. x2
The orc warrior hits you with a +1 war axe of distortion!
You die...

Skill      XL: |  1  2  3  4  5  6  7  8  9 10 11 12 13 14 15 |
---------------+----------------------------------------------+-----
Axes           | 4 5 6 7 9 11 12 14 15 16 | 16.6
Armour         | 2 3 5 6 7 8 10 | 10.0
Evocations     | 1 2 4 6 8 10 11 | 11.0
Fighting       | 4 6 7 9 10 11 12 13 | 13.7
Dodging        | 2 4 5 7 |  7.0
Shields        | 1 |  1.1

Action                   |  1- 3 |  4- 6 |  7- 9 | 10-12 | 13-15 || total
-------------------------+-------+-------+-------+-------+-------++-------
Melee: Hand axe          |    79 |   157 |   332 |    43 |       ||   611
       Tailslap          |     5 |    14 |    43 |    77 |   157 ||   296
       Executioner's axe |       |       |       |   368 |   759 ||  1127
Invok: Berserk           |     4 |     5 |    13 |    12 |    15 ||    49
       Trog's Hand       |       |       |       |     1 |     1 ||     2
       Brothers in Arms  |       |       |       |     1 |     2 ||     3
 Abil: Rolling Charge    |    14 |    19 |    34 |    45 |    85 ||   197
  Use: Potion            |       |     1 |       |     2 |     7 ||    10
       Scroll            |       |    10 |       |    20 |    11 ||    41
Armor: Animal skin       |    13 |       |       |       |       ||    13
       Scale mail        |    16 |    55 |   153 |    30 |       ||   254
       Ring mail         |       |       |       |   173 |       ||   173
       Plate armour      |       |       |       |    99 |   909 ||  1008
Dodge: Dodged            |    23 |    84 |   142 |   292 |   441 ||   982

Levels and vault maps discovered:
D:1:      roderic_chinese_lattice_arrival, layout_basic,
          dreamdust_ecumenical_altar_sealed_demon, serial_park_tiny_1
D:2:      minmay_general_purpose_star, layout_basic, minmay_divided_ellipse,
          uniq_crazy_yiuf_cottage
D:3:      layout_basic, portal_sewer_entry_b, kennysheep_generic_room_16
D:4:      kennysheep_the_goblin_king, layout_loops_ring, kennysheep_ying_yang,
          nicolae_hepliaklqana_monster_ancestors, mainiacjoe_overflow_alcove_1,
          serial_glass, glass_columns_a, glass_columns_c, glass_columns_a,
          glass_columns_b, glass_columns_a, glass_columns_a, glass_columns_b,
          glass_columns_c, minivault_14, minmay_misc_feat_alley,
          minmay_close_crescents
D:5:      layout_cave_pools, minmay_overflow_temple_star_quad,
          mainiacjoe_overflow_24_doors, mainiacjoe_overflow_two_lobes,
          serial_park, serial_park_tiny_pond, kennysheep_generic_room_6
D:6:      layout_basic
D:7:      layout_rooms, minmay_temple_entry_gardened_gates,
          biasface_ghost_orc_armoury, grunt_decor_clamped, serial_bayou_pond_c,
          minivault_22, lemuel_another_geyser
D:8:      cheibrodos_wizards_tower, layout_layer_cave,
          mainiacjoe_overflow_surrounded_room
D:9:      layout_roguey
D:10:     layout_basic, erik_lair_island
D:11:     layout_small_grid, erik_orc_2, nicolae_trove_entry_crystal,
          serial_bayou, serial_bayou_pond_c, serial_bayou_shore_a,
          serial_bayou_lagoon_b, serial_bayou_ford_a,
          mumra_transporter_accident, uniq_harold
D:12:     layout_irregular_city, serial_shops, nicolae_diamond_shop,
          kennysheep_mini, nicolae_shop_stone
D:13:     layout_long_grid, special_room [special_room_orc], uniq_rupert
D:14:     layout_stronghold, david_vaults_4, fedhas_ov_isle_minmay
D:15:     grunt_enter_depths_snipers, layout_loops_cross,
          chequers_serial_rivers_room_a, uniq_roxanne
Lair:1:   layout_loops_ring, uniq_joseph
Lair:2:   layout_concentric_octagons, guppyfry_snake_entry_island,
          grunt_megastairs_2, lemuel_fruit_tree, lemuel_fruit_fields
Lair:3:   layout_gridlike, minmay_shoals_entry_beasts
Lair:4:   layout_hall_layers, uniq_sonja
Lair:5:   layout_cave_pods, minmay_slime_entry_pillars, minivault_25,
          cheibrodos_lair_caveside_slide, grunt_forest_large_clearings,
          minmay_lair_oklob_chamber
Lair:6:   evilmike_catoblepas_cave, layout_layer_cave,
          nzn_masters_of_martial_movement
Orc:1:    lemuel_ogre_cave, layout_diamond_mine, uniq_maurice, uniq_erolcha,
          uniq_josephine
Orc:2:    grunt_orc_gardens, layout_caves, grunt_orc_garden, grunt_orc_garden,
          grunt_orc_garden, grunt_orc_garden

Notes
Turn   | Place    | Note
-------+----------+-------------------------------------------
     0 | D:1      | Sobieck the Palentonga Berserker began the quest for the
                  | Orb.
     0 | D:1      | Reached XP level 1. HP: 19/19 MP: 1/1
     0 | D:1      | magus.rc [v1.9.6]
   353 | D:1      | Found a faded altar of an unknown god.
   353 | D:1      | Noticed a Tzitzimitl
   877 | D:2      | Reached XP level 2. HP: 25/25 MP: 2/2
  1097 | D:2      | Reached skill level 4 in Axes
  1097 | D:2      | Reached XP level 3. HP: 31/31 MP: 3/3
  1395 | D:2      | Reached ** piety under Trog
  1486 | D:2      | Reached skill level 5 in Axes
  1486 | D:2      | Reached XP level 4. HP: 37/37 MP: 4/4
  1962 | D:2      | Found a runed translucent door.
  1963 | D:2      | Noticed Crazy Yiuf
  2268 | D:2      | Killed Crazy Yiuf
  2269 | D:2      | Reached XP level 5. HP: 43/43 MP: 5/5
  2774 | D:3      | Found a glowing drain.
  2793 | Sewer    | Entered a sewer
  2803 | Sewer    | Reached skill level 6 in Axes
  3071 | Sewer    | Found a white marble altar of Elyvilon.
  3174 | D:3      | Reached XP level 6. HP: 50/50 MP: 6/6
  3193 | D:3      | Reached skill level 7 in Axes
  3685 | D:4      | Reached skill level 2 in Armour
  3685 | D:4      | Reached skill level 1 in Evocations
  3947 | D:4      | Gained mutation: You curl defensively after being hit.
                  | [Palentonga growth]
  3947 | D:4      | Reached XP level 7. HP: 55/55 MP: 7/7
  4187 | D:4      | Reached *** piety under Trog
  4188 | D:4      | Reached skill level 2 in Evocations
  4232 | D:4      | Noticed Ijyb
  4248 | D:4      | Killed Ijyb
  4310 | D:4      | Reached skill level 4 in Fighting
  4545 | D:4      | Found an opulent altar of Gozag.
  4594 | D:4      | You pick up a book of Callings {forbidden} and begin
                  | reading...
  4594 | D:4      | You add the spells Summon Small Mammal, Call Canine
                  | Familiar and Summon Guardian Golem to your library.
  4601 | D:4      | Found a hazy altar of Hepliaklqana.
  4707 | D:4      | Found a white marble altar of Elyvilon.
  4774 | D:4      | Found a basalt altar of Yredelemnul.
  4855 | D:5      | Entered Level 5 of the Dungeon
  5084 | D:5      | Reached skill level 3 in Armour
  5293 | D:5      | Found a sacrificial altar of Ru.
  5328 | D:5      | Found a snail-covered altar of Cheibriados.
  5402 | D:5      | Identified the +0 helmet "Goestril" {-Cast Regen+ rCorr
                  | Dex+4}
  5482 | D:5      | Reached XP level 8. HP: 65/65 MP: 8/8
  5551 | D:5      | Found a shadowy altar of Dithmenos.
  5556 | D:5      | Found a radiant altar of Vehumet.
  5559 | D:5      | Found a broken altar of Ashenzari.
  5596 | D:5      | Reached skill level 3 in Evocations
  5636 | D:5      | Found a hide-covered altar of Uskayaw.
  5756 | D:5      | Reached **** piety under Trog
  5757 | D:5      | Reached skill level 8 in Axes
  5774 | D:5      | magus.rc [v1.9.6]
  5809 | D:6      | You pick up a book of Frost {forbidden} and begin
                  | reading...
  5809 | D:6      | You add the spells Freeze, Frozen Ramparts and Hailstorm to
                  | your library.
  5891 | D:6      | Reached skill level 5 in Fighting
  6218 | D:6      | Reached skill level 4 in Evocations
  6750 | D:6      | Reached skill level 6 in Fighting
  7006 | D:7      | Found a staircase to the Ecumenical Temple.
  7339 | D:7      | Reached skill level 9 in Axes
  7339 | D:7      | Reached XP level 9. HP: 73/73 MP: 9/9
  7342 | D:7      | Reached skill level 5 in Evocations
  7514 | D:7      | Noticed a two-headed ogre
  7522 | D:7      | Killed a two-headed ogre
  7523 | D:7      | Reached skill level 6 in Evocations
  7758 | D:7      | Reached skill level 10 in Axes
  8027 | D:7      | Found a runed translucent gate.
  8027 | D:7      | Found a runed translucent gate.
  8028 | D:7      | Found a runed translucent gate.
  8032 | D:7      | Noticed LadonLegend's ghost (novice HOFi)
  8032 | D:7      | Identified the +1 plate armour of the Cobbler {rF++ Str-4}
  8653 | D:8      | Noticed a two-headed ogre
  8663 | D:8      | Killed a two-headed ogre
  8664 | D:8      | Reached skill level 11 in Axes
  8664 | D:8      | Reached skill level 2 in Dodging
  8664 | D:8      | Reached XP level 10. HP: 81/81 MP: 10/10
  9140 | D:8      | Found a bloodstained altar of Trog.
  9220 | D:8      | You pick up a book of the Moon {forbidden} and begin
                  | reading...
  9220 | D:8      | You add the spells Passage of Golubria, Silence and
                  | Lehudib's Crystal Spear to your library.
  9278 | D:8      | Noticed a wizard
  9289 | D:8      | Killed a wizard
  9290 | D:8      | Reached skill level 1 in Shields
 10141 | D:8      | Identified a scroll of acquirement
 10141 | D:8      | Acquired a +0 executioner's axe of freezing
 10142 | D:8      | e - a +0 executioner's axe of freezing {axerare=g}
 10143 | D:8      | your +0 executioner's axe of freezing {axerare=g} glows
                  | with a cold blue light!
 10143 | D:8      | e - a +0 executioner's axe of freezing (weapon) {axerare=g}
 10144 | D:8      | e - a +0 executioner's axe of freezing (weapon) {axerare=g}
 10144 | D:8      | a - a +0 executioner's axe of freezing (weapon) {axerare=g}
 10409 | D:9      | Identified the +2 ring mail of the Gloaming {Dex+3 SInv}
 10456 | D:9      | You pick up a book of the Sky {forbidden} and begin
                  | reading...
 10456 | D:9      | You add the spells Summon Lightning Spire, Storm Form and
                  | Maxwell's Capacitive Coupling to your library.
 10530 | D:9      | Reached skill level 4 in Armour
 10530 | D:9      | Reached skill level 3 in Dodging
 10958 | D:10     | Entered Level 10 of the Dungeon
 11075 | D:10     | Reached skill level 7 in Fighting
 11355 | D:10     | Reached ***** piety under Trog
 11356 | D:10     | Reached skill level 4 in Dodging
 11387 | D:10     | Reached skill level 5 in Armour
 11516 | D:10     | Found a staircase to the Lair.
 11520 | D:10     | Reached XP level 11. HP: 85/90 MP: 11/11
 11903 | D:10     | You pick up a book of Unlife {forbidden} and begin
                  | reading...
 11903 | D:10     | You add the spells Animate Dead, Borgnjor's Vile Clutch and
                  | Death Channel to your library.
 11989 | D:11     | Noticed Harold
 12015 | D:11     | Killed Harold
 12016 | D:11     | Reached skill level 8 in Fighting
 12016 | D:11     | Reached skill level 12 in Axes
 12276 | D:11     | Reached skill level 5 in Dodging
 12389 | D:11     | You pick up a book of Debilitation {forbidden} and begin
                  | reading...
 12389 | D:11     | You add the spells Slow, Vampiric Draining and Confusing
                  | Touch to your library.
 12800 | D:11     | Found a staircase to the Orcish Mines.
 12928 | D:11     | Found a portal to a secret trove of treasure.
 12936 | D:11     | This trove needs +4 shadow dragon scales to function. Give
                  | it the item?
 13015 | D:12     | Found Gija's General Store.
 13020 | D:12     | Noticed a two-headed ogre
 13021 | D:12     | Reached skill level 6 in Armour
 13026 | D:12     | Killed a two-headed ogre
 13144 | D:12     | Bought a scroll of enchant weapon for 112 gold pieces
 13144 | D:12     | your +0 executioner's axe of freezing {axerare=g} glows red
                  | for a moment.
 13145 | D:12     | Bought a +2 pair of gloves for 247 gold pieces
 13281 | D:12     | Reached skill level 9 in Fighting
 13296 | D:12     | Received a gift from Trog
 13436 | D:12     | Found Buteurgh's Weapon Boutique.
 13554 | D:12     | Found Caitzex's Distillery.
 13566 | D:12     | Noticed a deep elf pyromancer
 13572 | D:12     | Killed a deep elf pyromancer
 13573 | D:12     | Reached XP level 12. HP: 99/102 MP: 12/12
 13918 | D:13     | Reached skill level 13 in Axes
 13918 | D:13     | Reached skill level 7 in Armour
 13926 | D:13     | Noticed a centaur warrior
 13927 | D:13     | Killed a centaur warrior
 14000 | D:13     | Reached skill level 10 in Fighting
 14009 | D:13     | HP: 37/154 [orc knight (19)]
 14012 | D:13     | HP: 15/154 [orc warrior (13)]
 14224 | D:13     | Noticed a centaur warrior
 14236 | D:13     | Killed a centaur warrior
 14356 | D:13     | Noticed Rupert
 14375 | D:13     | HP: 36/154 [Rupert (25)]
 14377 | D:13     | Killed Rupert
 14378 | D:13     | Reached skill level 14 in Axes
 14381 | D:13     | HP: 18/103 [cyan ugly thing (17)]
 14567 | D:13     | Noticed a two-headed ogre
 14569 | D:13     | Noticed a centaur warrior
 14574 | D:13     | Killed a two-headed ogre
 14580 | D:13     | Killed a centaur warrior
 14920 | D:14     | Noticed a boulder beetle
 14930 | D:14     | Killed a boulder beetle
 15214 | D:14     | Noticed a centaur warrior
 15220 | D:14     | Killed a centaur warrior
 15221 | D:14     | Reached XP level 13. HP: 111/111 MP: 13/13
 15320 | D:14     | Found a blossoming altar of Fedhas.
 15329 | D:14     | Identified the +9 chain mail "Luotwug" {Str+4}
 15341 | D:14     | Reached skill level 6 in Dodging
 15341 | D:14     | Reached skill level 7 in Evocations
 15352 | D:14     | You pick up a book of Burglary {forbidden} and begin
                  | reading...
 15352 | D:14     | You add the spells Passwall, Swiftness and Invisibility to
                  | your library.
 15682 | D:14     | Noticed a fire dragon
 15695 | D:14     | Killed a fire dragon
 15899 | D:14     | Found a gate to the Vaults.
 15974 | D:15     | Entered Level 15 of the Dungeon
 16150 | D:15     | Reached skill level 8 in Armour
 16441 | D:15     | Reached skill level 11 in Fighting
 16478 | D:15     | Reached ****** piety under Trog
 16510 | D:15     | You pick up a book of the Earth {forbidden} and begin
                  | reading...
 16510 | D:15     | You add the spells Stone Arrow, Bolt of Magma and Shatter
                  | to your library.
 16600 | D:15     | Found a staircase to the Depths.
 16600 | D:15     | Noticed a frost giant
 16605 | D:15     | Killed a frost giant
 16797 | D:15     | Noticed Roxanne
 17268 | Lair:1   | Entered Level 1 of the Lair of Beasts
 17274 | Lair:1   | Noticed Joseph
 17287 | Lair:1   | Killed Joseph
 17989 | Lair:2   | Found a staircase to the Snake Pit.
 18033 | Lair:2   | Reached skill level 8 in Evocations
 18057 | Lair:2   | Reached skill level 7 in Dodging
 18477 | Lair:2   | Received a gift from Trog
 18706 | Lair:3   | Reached skill level 15 in Axes
 18711 | Lair:3   | Reached XP level 14. HP: 120/120 MP: 14/14
 18814 | Lair:3   | You pick up a book of the Moon {forbidden} and begin
                  | reading...
 18868 | Lair:3   | Found a staircase to the Shoals.
 18883 | Lair:3   | Reached skill level 9 in Armour
 19371 | Lair:4   | Noticed Sonja
 19393 | Lair:4   | Killed Sonja
 19720 | Lair:4   | Reached skill level 12 in Fighting
 19982 | Lair:4   | Reached skill level 9 in Evocations
 19994 | Lair:4   | Acquired 1044 gold pieces
 20110 | Lair:4   | Acquired a manual of Armour
 20287 | Lair:5   | Found a staircase to the Slime Pits.
 20508 | Lair:5   | Received a gift from Trog
 20513 | Lair:5   | Reached skill level 10 in Armour
 20584 | Lair:5   | You pick up a book of Dreams {forbidden} and begin
                  | reading...
 20584 | Lair:5   | You add the spells Ensorcelled Hibernation, Spider Form and
                  | Shadow Creatures to your library.
 21450 | Lair:6   | Entered Level 6 of the Lair of Beasts
 21486 | Lair:6   | Found an ornate altar of the Wu Jian Council.
 21497 | Lair:6   | Found a hide-covered altar of Uskayaw.
 21579 | Lair:6   | You pick up a book of Misfortune {forbidden} and begin
                  | reading...
 21707 | Lair:6   | Reached skill level 10 in Evocations
 21761 | Lair:6   | Reached XP level 15. HP: 130/130 MP: 15/15
 21919 | Lair:6   | Reached skill level 16 in Axes
 22010 | Lair:6   | Reached skill level 13 in Fighting
 22115 | Lair:6   | Received a gift from Trog
 22651 | Orc:1    | Entered Level 1 of the Orcish Mines
 22746 | Orc:1    | Noticed Maurice
 22754 | Orc:1    | Killed Maurice
 23110 | Orc:2    | Entered Level 2 of the Orcish Mines
 23110 | Orc:2    | Found Cooxkedy's Antique Weapon Emporium.
 23110 | Orc:2    | Noticed an orc warlord
 23121 | Orc:2    | You are cast into the Abyss!
 23121 | Orc:2    | Cast into level 1 of the Abyss (orc warrior)
 23223 | Abyss:1  | Noticed a tentacled starspawn
 23232 | Abyss:1  | HP: 31/132 [small abomination (4)]
 23233 | Abyss:1  | HP: 6/132 [large abomination (14)]
 23298 | Abyss:1  | Noticed a profane servitor
 23325 | Abyss:1  | HP: 28/119 [profane servitor (5)]
 23333 | Abyss:1  | HP: 19/115 [profane servitor (16)]
 23335 | Abyss:1  | HP: 1/115 [profane servitor (16)]
 23341 | Abyss:1  | Killed a profane servitor
 23536 | Abyss:1  | Noticed a tentacled starspawn
 23539 | Abyss:1  | Killed a tentacled starspawn
 23544 | Abyss:1  | Paralysed by accursed screaming for 1 turns
 23549 | Abyss:1  | Reached skill level 11 in Evocations
 23583 | Orc:2    | You pass through the gate.
 23583 | Orc:2    | Escaped the Abyss
 23583 | Orc:2    | HP: 32/133 [orc knight (19)]
 23584 | Orc:2    | HP: 10/133 [orc warrior (7)]
 23586 | Orc:1    | Slain by an orc warrior

Vanquished Creatures
  Rupert (D:13)
  A tentacled starspawn (Abyss:1)
  A frost giant (D:15)
  A fire dragon (D:14)
  Harold (D:11)
  5 centaur warriors
  4 catoblepae (Lair:6)
  8 hydras
  2 boulder beetles
  A death knight (D:15)
  10 two-headed ogres
  An ogre mage (Orc:1)
  4 tengu warriors (D:15)
  12 death yaks
  2 wretched stars (Abyss:1)
  Sonja (Lair:4)
  A sun demon (Abyss:1)
  A spatial maelstrom (Abyss:1)
  An orc knight (D:13)
  2 wizards
  A lindwurm (Lair:6)
  A mana viper (shapeshifter) (D:15)
  A deep elf pyromancer (D:12)
  An orb spider (shapeshifter) (D:14)
  5 cyclopes
  4 ugly things
  3 oklob plants (Lair:5)
  An orc sorcerer (Orc:1)
  7 manticores
  A worldbinder (Abyss:1)
  Maurice (Orc:1)
  8 elephants (Lair:3)
  3 black mambas
  2 torpor snails
  Joseph (Lair:1)
  9 cane toads
  2 gargoyles
  An unseen horror (D:12)
  An orange demon (Abyss:1)
  A rime drake (Lair:5)
  A tengu conjurer (D:15)
  2 kobold demonologists (D:11)
  A freezing wraith (D:14)
  3 komodo dragons
  An efreet (D:13)
  4 trolls
  A polar bear (Lair:5)
  A wind drake (shapeshifter) (D:14)
  A wind drake (Lair:3)
  A blink frog (shapeshifter) (D:14)
  2 large abominations (Abyss:1)
  7 dream sheep (Lair:5)
  14 slime creatures
  2 raiju (Abyss:1)
  A shadow (D:11)
  A water elemental (D:11)
  46 yaks
  3 wraiths
  5 wyverns
  A ynoxinul (Abyss:1)
  3 fire bats (Lair:3)
  4 basilisks
  3 steam dragons
  A golden eye (shapeshifter) (D:15)
  4 small abominations (Abyss:1)
  3 nagas (Lair:2)
  2 two-headed ogre zombies (Orc:1)
  15 water moccasins
  2 black bears
  13 orc warriors
  15 ogres (Orc:1)
  41 wolves
  A necrophage (D:4)
  6 centaurs
  18 bullfrogs
  4 kobold brigands
  A wyvern zombie (D:8)
  2 scorpions
  An earth elemental (Abyss:1)
  A water moccasin skeleton (D:6)
  9 killer bees
  3 wights (D:6)
  10 electric eels
  2 howler monkeys
  5 starcursed masses (Abyss:1)
  3 centaur zombies
  2 quasits (Abyss:1)
  8 hounds
  3 jellies (Lair:5)
  Crazy Yiuf (D:2)
  7 orc priests
  2 gnoll shamans
  A centaur skeleton (D:4)
  Ijyb (D:4)
  2 iguanas
  24 orc wizards
  A killer bee zombie (D:9)
  A hound skeleton (D:4)
  A howler monkey zombie (D:7)
  7 gnolls
  A howler monkey skeleton (D:7)
  2 river rats (Sewer)
  5 adders (D:2)
  A white imp (D:5)
  An ufetubus (D:5)
  2 worms
  4 dart slugs
  65 orcs
  5 ball pythons
  4 endoplasms
  4 giant cockroaches
  7 goblins
  9 hobgoblins
  5 jackals
  6 quokkas
  4 bats
  4 frilled lizards
  14 kobolds
  11 rats
  A spectral hobgoblin (D:4)
  A butterfly (Lair:2)
601 creatures vanquished.

Vanquished Creatures (collateral kills)
  A profane servitor (Abyss:1)
  A wretched star (Abyss:1)
  A large abomination (Abyss:1)
  A raiju (Abyss:1)
  A small abomination (Abyss:1)
5 creatures vanquished.

Vanquished Creatures (others)
  24 fungi
  A lurking horror (Abyss:1)
  91 plants
  A starspawn tentacle (Abyss:1)
117 creatures vanquished.

Grand Total: 723 creatures vanquished

Table legend:
 A = Non-vault XP
 B = Vault XP
 C = Vault XP percentage of total XP
 D = Non-vault monster count
 E = Vault monster count
 F = Vault count percentage of total count
                 A         B        C        D         E       F
            +---------+---------+-------+---------+---------+-------
      Total |   91136 |   42974 |  32.0 |     407 |     198 |  32.7
            +---------+---------+-------+---------+---------+-------
        D:1 |       8 |       0 |   0.0 |       5 |       0 |   0.0
        D:2 |      56 |     139 |  71.3 |      16 |      18 |  52.9
        D:3 |     112 |       9 |   7.4 |      19 |       3 |  13.6
        D:4 |     476 |     153 |  24.3 |      18 |      13 |  41.9
        D:5 |     441 |     136 |  23.6 |      19 |       2 |   9.5
        D:6 |    1032 |       0 |   0.0 |      18 |       0 |   0.0
        D:7 |    1747 |       0 |   0.0 |      19 |       0 |   0.0
        D:8 |    1455 |     655 |  31.0 |      19 |       1 |   5.0
        D:9 |    1321 |       0 |   0.0 |      11 |       0 |   0.0
       D:10 |    3110 |     773 |  19.9 |      25 |       8 |  24.2
       D:11 |    3568 |    1163 |  24.6 |      22 |      18 |  45.0
       D:12 |    6201 |       0 |   0.0 |      15 |       0 |   0.0
       D:13 |    7176 |    4384 |  37.9 |      14 |      26 |  65.0
       D:14 |    7341 |    2234 |  23.3 |      18 |       4 |  18.2
       D:15 |    7107 |    3487 |  32.9 |      13 |       3 |  18.8
     Lair:1 |    1647 |     430 |  20.7 |      10 |       1 |   9.1
     Lair:2 |    5151 |     461 |   8.2 |      19 |       3 |  13.6
     Lair:3 |   11518 |     825 |   6.7 |      37 |       2 |   5.1
     Lair:4 |    5562 |     795 |  12.5 |      13 |       1 |   7.1
     Lair:5 |    8178 |    6693 |  45.0 |      25 |      37 |  59.7
     Lair:6 |    3845 |   11807 |  75.4 |      11 |      24 |  68.6
      Orc:1 |     990 |    8701 |  89.8 |      12 |      24 |  66.7
    Abyss:1 |   13094 |       0 |   0.0 |      29 |       0 |   0.0
      Sewer |       0 |     129 | 100.0 |       0 |      10 | 100.0
            +---------+---------+-------+---------+---------+-------

Illustrated notes

Table legend:
 A = Kills in this place as a percentage of kills in entire the game.
 B = Kills by you in this place as a percentage of kills by you in the entire game.
 C = Kills by friends in this place as a percentage of kills by friends in the entire game.
 D = Other kills in this place as a percentage of other kills in the entire game.
 E = Experience gained in this place as a percentage of experience gained in the entire game.
 F = Experience gained in this place divided by the number of levels of this place that you have seen.
                   A       B       C       D       E      F
               +-------+-------+-------+-------+-------+----------------------
         Total | 100.0 | 100.0 | 100.0 |   N/A | 100.0 | 5364.4
       Dungeon |  57.4 |  57.8 |   0.0 |   N/A |  40.5 | 3618.9
          Lair |  30.2 |  30.5 |   0.0 |   N/A |  42.4 | 9485.3
  Orcish Mines |   6.0 |   6.0 |   0.0 |   N/A |   7.2 | 4845.5
         Abyss |   4.8 |   4.0 | 100.0 |   N/A |   9.8 | 13094.0
         Sewer |   1.7 |   1.7 |   0.0 |   N/A |   0.1 | 129.0
               +-------+-------+-------+-------+-------+----------------------

Table legend: (Time is in decaauts)
 A = Elapsed time spent in this place.
 B = Non-inter-level travel time spent in this place.
 C = Inter-level travel time spent in this place.
 D = Time resting spent in this place.
 E = Time spent auto-exploring this place.
 F = Levels seen in this place.
 G = Mean time per level.
                   A        B        C        D        E       F      G
               +--------+--------+--------+--------+--------+-----+--------+
         Total |  24378 |  23424 |    954 |   5597 |  14003 |  25 |  975.1 |
       Dungeon |  17517 |  16812 |    705 |   4537 |   9945 |  15 | 1167.8 |
          Lair |   5467 |   5226 |    241 |    645 |   3641 |   6 |  911.2 |
  Orcish Mines |    505 |    497 |      8 |    156 |    205 |   2 |  252.5 |
         Abyss |    495 |    495 |      0 |    134 |     59 |   1 |  495.0 |
         Sewer |    392 |    392 |      0 |    125 |    151 |   1 |  392.0 |
               +--------+--------+--------+--------+--------+-----+--------+

Top non-repeatable levels by time:
     D:8: 1672 daAuts
     D:2: 1647 daAuts
     D:7: 1633 daAuts
  Lair:5: 1297 daAuts
     D:4: 1258 daAuts
    D:15: 1216 daAuts
    D:10: 1178 daAuts
    D:14: 1153 daAuts
     D:6: 1111 daAuts
  Lair:6: 1067 daAuts
    D:11: 1057 daAuts
    D:13: 1055 daAuts
    D:12: 983 daAuts
  Lair:4: 935 daAuts
     D:9: 919 daAuts
